 Bloatcrawl 2 version 2.3.0-a0-200-g81abc02 (webtiles) character file.

Game seed: 10140713078637148085, levelgen mode: deterministic

479 Faels the Ducker (level 6, -1/48 HPs)
             Began as a Demonspawn Fencer on Feb 14, 2020.
             Was an Initiate of Okawaru.
             Killed by divine providence
             ... invoked by an orc priest
              (7 damage)
             ... on level 4 of the Dungeon.
             The game lasted 00:13:29 (4908 turns).

Faels the Ducker (Demonspawn Fencer)                Turns: 4908, Time: 00:13:29

Health: -1/48      AC: 10    Str:  9    XL:     6   Next: 86%
Magic:  6/6        EV: 14    Int:  9    God:    Okawaru [......]
Gold:   198        SH:  0    Dex: 25    Spells: 5/5 levels left Game modifiers: None

rFire    . . .     SeeInvis .   a - +0 rapier
rCold    . . .     Gourm    .   (no shield)
rNeg     . . .     Faith    .   t - +0 ring mail
rPois    .         Spirit   .   k - +0 helmet
rElec    .         Reflect  .   (no cloak)
rCorr    .         Harm     .   c - +0 pair of fencer's gloves {Riposte Dex+3}
MR       .....                  (no boots)
Stlth    +.........             d - amulet of the acrobat
HPRegen  0.16/turn              (no ring)
MPRegen  0.10/turn              (no ring)

@: no status effects
A: slimy green scales 2, powered by pain 1
a: Renounce Religion


You were on level 4 of the Dungeon.
You worshipped Okawaru.
Okawaru was noncommittal.
You were not hungry.

You visited 2 branches of the dungeon, and saw 5 of its levels.

You collected 198 gold pieces.

Inventory:

Hand Weapons
 a - a +0 rapier (weapon)
 C - a +0 scimitar
Missiles
 l - 4 poisoned darts (quivered)
 x - 4 boomerangs of dispersal
Armour
 b - a +0 robe
 c - the +0 pair of fencer's gloves (worn) {Riposte Dex+3}

   It affects your dexterity (+3).
   If you remove this armour, your AC will decrease by 1 (10 -> 9).
 k - a +0 helmet (worn)
 t - a +0 ring mail (worn)
 y - a +0 leather armour
Jewellery
 d - an amulet of the acrobat (around neck)
 p - an uncursed amulet of rage {unknown}
Scrolls
 e - a scroll of blinking {unknown}
 g - a scroll of magic mapping {unknown}
 i - 2 scrolls of teleportation
 m - 2 scrolls of fear
 o - a scroll of enchant armour {unknown}
 q - 2 scrolls of enchant weapon {unknown}
 s - a scroll of random uselessness {unknown}
 u - 2 scrolls of remove curse
Potions
 h - a potion of degeneration {unknown}
 j - a potion of heal wounds {unknown}
 n - a potion of invisibility
 r - a potion of ambrosia {unknown}
 w - a potion of haste {unknown}
 z - a potion of cancellation
 A - a potion of curing {unknown}
 B - a potion of lignification {unknown}
Comestibles
 f - 5 rations
 v - 4 chunks of flesh


   Skills:
 + Level 4.2 Fighting
 + Level 3.7 Short Blades
 + Level 5.9 Dodging


You had 5 spell levels left.
You didn't know any spells.
Your spell library was empty.

Dungeon Overview and Level Annotations

Branches:
Dungeon (4/15)             Temple (1/1) D:4

Altars:
Ashenzari
Cheibriados
Elyvilon
Fedhas
Hepliaklqana
Kikubaaqudgha
Makhleb
Nemelex Xobeh
Okawaru
Qazlal
Ru
Sif Muna
Trog
Uskayaw
Vehumet
Wu Jian
Xom
Zin


Innate Abilities, Weirdness & Mutations

You are mostly covered in slimy green scales. (AC +3)
You sometimes gain a little power by taking damage.


Message History

The ogre is almost dead.
The ogre barely misses you.
The orc priest shouts!
You hit the ogre.
You kill the ogre!
Okawaru is honoured by your kill.
Your Fighting skill increases to level 4!
The orc priest casts a cantrip, but nothing happens.
The orc priest completely misses you.
You see here an orc skeleton.
You hit the orc priest.
The orc priest is lightly wounded.
The orc priest calls down the wrath of Beogh upon you.
Beogh smites you!
* * * LOW HITPOINT WARNING * * *
You closely miss the orc priest.
The orc priest is lightly wounded.
The orc priest invokes the aid of Beogh against you.
Beogh smites you!
You die...

.###......#.#...#.....# #....#..#
.._#........#.........###..###.##
#_##....#...#.........[[...###.##
####....##........#####..[.##....
.................##PPP##.........
.................#P...P#.........
.................#P.>..'.........
#...............o#P...P#.#..##...
#...............@##PPP##.##.###..
#...#........##...#####...#.##..#
.............#..)...........###..
#.....#........##...........###..
#.....##........#).#........#....
...................#............#
.....##..........#.#............#
.............#...#...............
.....#......####.#...##..#...>.(#


You could see an orc priest.

Vanquished Creatures
  An ogre (D:4)
  A howler monkey (D:2)
  A hound (D:3)
  An orc priest (D:2)
  2 orc wizards
  An iguana (D:4)
  4 gnolls (D:2)
  5 adders
  An ooze (D:2)
  An adder skeleton (D:4)
  5 worms
  5 dart slugs
  3 leopard geckos
  15 orcs
  10 giant cockroaches
  4 hobgoblins
  6 jackals (D:3)
  2 kobolds (D:1)
  4 quokkas
  A ball python (D:3)
  7 bats
  3 frilled lizards
  4 goblins
  12 rats
99 creatures vanquished.

Vanquished Creatures (others)
  An ogre (D:4)
  An orc wizard (D:4)
  A worker ant (D:4)
3 creatures vanquished.

Grand Total: 102 creatures vanquished

Notes
Turn   | Place    | Note
-------+----------+-------------------------------------------
     0 | D:1      | Faels the Demonspawn Fencer began the quest for the Orb.
     0 | D:1      | Reached XP level 1. HP: 15/15 MP: 1/1
    36 | D:1      | Reached skill level 1 in Short Blades
    94 | D:1      | Gained mutation: You are partially covered in slimy green
                  | scales. (AC +2) [demonic ancestry]
    94 | D:1      | Reached XP level 2. HP: 19/21 MP: 2/2
   871 | D:1      | Gained mutation: You are mostly covered in slimy green
                  | scales. (AC +3) [demonic ancestry]
   871 | D:1      | Reached XP level 3. HP: 27/27 MP: 3/3
  1564 | D:2      | Reached skill level 5 in Dodging
  1564 | D:2      | Gained mutation: You sometimes gain a little power by
                  | taking damage. [demonic ancestry]
  1564 | D:2      | Reached XP level 4. HP: 29/34 MP: 4/4
  1978 | D:2      | Reached XP level 5. HP: 40/40 MP: 5/5
  2348 | D:2      | Found an ornate altar of the Wu Jian Council.
  3428 | D:3      | Reached XP level 6. HP: 47/47 MP: 6/6
  3879 | D:4      | Found a sparkling altar of Nemelex Xobeh.
  3900 | D:4      | Found a shattered altar of Ashenzari.
  3901 | D:4      | Found a white marble altar of Elyvilon.
  3902 | D:4      | Found a bloodstained altar of Trog.
  3914 | D:4      | Found an iron altar of Okawaru.
  3920 | D:4      | Became a worshipper of Warmaster Okawaru
  4202 | D:4      | Found a staircase to the Ecumenical Temple.
  4208 | Temple   | Entered the Ecumenical Temple
  4704 | D:4      | Found a shimmering altar of Xom.
  4908 | D:4      | Killed from afar by an orc priest

Levels and vault maps discovered:
D:1:      elethiomel_arrival_infinity_welcomes_careful_drivers,
          layout_loops_ring
D:2:      cheibrodos_pilgrimage, layout_basic, marbit_many_paths,
          chequers_big_river, eino_tiny_chamber, minmay_misc_feat_four_crosses
D:3:      layout_loops_corners
D:4:      layout_cave_pools, minitemple, xom_confusion_cloud,
          minmay_temple_entry_enclosed_plants, serial_glass, glass_columns_a,
          glass_columns_b, glass_columns_a, glass_columns_a,
          minmay_strange_pillars
Temple:   minmay_temple_curvy_loop

Skill      XL: |  1  2  3  4  5  6 |
---------------+-------------------+-----
Short Blades   | 1 2 3 |  3.7
Fighting       | 2 3 4 |  4.2
Dodging        | 5 |  5.9

Action                   |  1- 3 |  4- 6 || total
-------------------------+-------+-------++-------
Melee: Rapier            |    91 |   231 ||   322
Throw: Dart              |     3 |       ||     3
  Use: Scroll            |       |     6 ||     6
 Stab: Sleeping          |     5 |     7 ||    12
  Eat: Chunk             |     2 |    11 ||    13
Armor: Robe              |    10 |     7 ||    17
       Ring mail         |       |    49 ||    49
Dodge: Dodged            |    72 |   183 ||   255
       Rpst.: Rapier     |    20 |    65 ||    85

Table legend:
 A = Non-vault XP
 B = Vault XP
 C = Vault XP percentage of total XP
 D = Non-vault monster count
 E = Vault monster count
 F = Vault count percentage of total count
                 A         B        C        D         E       F
            +---------+---------+-------+---------+---------+-------
      Total |     609 |      76 |  11.1 |      89 |      10 |  10.1
            +---------+---------+-------+---------+---------+-------
        D:1 |      41 |       0 |   0.0 |      21 |       0 |   0.0
        D:2 |     188 |      60 |  24.2 |      28 |       8 |  22.2
        D:3 |     160 |       0 |   0.0 |      25 |       0 |   0.0
        D:4 |     220 |      16 |   6.8 |      15 |       2 |  11.8
            +---------+---------+-------+---------+---------+-------
